 Dungeon Crawl Stone Soup version 0.23.2 (webtiles) character file.

Game seed: 13837830891055664424

3603 Gargoyl the Chopper (level 9, -3/74 HPs)
             Began as a Centaur Abyssal Knight on Apr 9, 2019.
             Was an Elder of Lugonu.
             Killed from afar by a swamp worm (8 damage)
             ... with a harpoon shot
             ... on level 8 of the Dungeon.
             The game lasted 00:13:07 (9478 turns).

Gargoyl the Chopper (Centaur Abyssal Knight)        Turns: 9478, Time: 00:13:07

Health: -3/74      AC: 13    Str: 16    XL:     9   Next: 86%
Magic:  15/15      EV:  4    Int:  9    God:    Lugonu [****..]
Gold:   538        SH:  4    Dex: 11    Spells: 8/8 levels left

rFire    . . .     SeeInvis .   f - +3 war axe (venom)
rCold    . . .     Gourm    .   q - +0 buckler
rNeg     . . .     Faith    .   e - +0 plate armour
rPois    .         Spirit   .   i - +1 hat
rElec    .         Reflect  .   p - +0 cloak
rCorr    +         Harm     .   (no gloves)
MR       .....                  (no barding)
Stlth    ..........             (no amulet)
HPRegen  0.22/turn              y - ring of resist corrosion
MPRegen  0.14/turn              (no ring)

@: very quick
A: large, hooves 3, deformed body, dopey 1, speed 2, high mp 1, sense
surroundings 1, tough skin 3
a: Depart the Abyss, Bend Space, Banish, Corrupt, Renounce Religion


You were on level 8 of the Dungeon.
You worshipped Lugonu.
Lugonu was greatly pleased with you.
You were hungry.

You visited 1 branch of the dungeon, and saw 8 of its levels.
You visited the Abyss 1 time.

You collected 538 gold pieces.

Inventory:

Hand Weapons
 a - a +1 hand axe
 f - a +3 war axe of venom (weapon)
Missiles
 w - 8 steel javelins (quivered)
Armour
 e - a +0 plate armour (worn)
 i - a +1 hat (worn)
 p - a +0 cloak (worn)
 q - a +0 buckler (worn)
Jewellery
 y - a ring of resist corrosion (left hand)
Wands
 d - a wand of scattershot (7)
 m - a wand of polymorph (9)
 r - a wand of random effects (22)
Scrolls
 b - 2 scrolls of identify
 h - a scroll of blinking
 k - 2 scrolls of amnesia
 n - 3 scrolls of teleportation
 u - 2 scrolls of fog
 z - 3 scrolls of remove curse
 B - a scroll of acquirement {unknown}
 C - a scroll of magic mapping {unknown}
Potions
 g - 2 potions of flight
 j - 5 potions of cancellation
 l - a potion of might
 o - a potion of mutation
 v - a potion of brilliance {unknown}
 x - 2 potions of agility {unknown}
 A - a potion of invisibility {unknown}
Comestibles
 c - 14 rations


   Skills:
 + Level 5.2 Fighting
 + Level 6.6 Axes
 + Level 0.1 Throwing
 * Level 6.4 Armour
 * Level 3.9 Dodging
 + Level 1.7 Shields
 * Level 6.2 Invocations
 + Level 0.4 Evocations


You had 8 spell levels left.
You didn't know any spells.
Your spell library contained the following spells:

 Spells                   Type           Power        Failure   Level  Hunger
 Corona                   Hex            #......      100%        1    ##.....
 Sting                    Conj/Pois      #...         100%        1    ##.....
 Summon Small Mammal      Summ           #...         100%        1    ##.....
 Call Imp                 Summ           #.......     100%        2    ###....
 Ensorcelled Hibernation  Hex/Ice        #.....       100%        2    ###....
 Poisonous Vapours        Pois/Air       #.....       100%        2    ###....
 Call Canine Familiar     Summ           #.......     100%        3    ####...
 Confuse                  Hex            #.......     100%        3    ####...
 Dazzling Spray           Conj/Hex       #.....       100%        3    ####...
 Mephitic Cloud           Conj/Pois/Air  #.......     100%        3    ####...
 Summon Guardian Golem    Hex/Summ       #.......     100%        3    ####...
 Tukima's Dance           Hex            #.......     100%        3    ####...
 Olgreb's Toxic Radiance  Pois           #.......     100%        4    #####..
 Summon Ice Beast         Ice/Summ       #.......     100%        4    #####..
 Summon Lightning Spire   Summ/Air       #.......     100%        4    #####..
 Venom Bolt               Conj/Pois      #.........   100%        5    ######.


Dungeon Overview and Level Annotations

Branches:
Dungeon (8/15)             Temple (0/1) D:4
   Lair: D:8-11

Altars:
Gozag
Kikubaaqudgha
Wu Jian
The Shining One

Shops:
D:8 =

Annotations:
D:3 3 runed translucent doors, 2 transporters, Gargoyl's ghost, weakling CeAK


Innate Abilities, Weirdness & Mutations

You have hooves in place of feet.
Armour fits poorly on your strangely shaped body.
You cover ground very quickly.
You have extremely tough skin. (AC +3)
You are dopey. (Int -2)
You have an increased reservoir of magic. (+10% MP)
You passively map a small area around you.


Message History

* * * LOW HITPOINT WARNING * * *
Welcome back, Gargoyl the Centaur Abyssal Knight.
Lugonu says: Spread carnage and corruption!
Press ? for a list of commands and other information.
Unknown command.
Unknown command.
Unknown command.
Unknown command.
You feel much better.
The gnoll hits you from afar with a +0 halberd.
* * * LOW HITPOINT WARNING * * *
The swamp worm bites you!
* * * LOW HITPOINT WARNING * * *
The gnoll hits you but does no damage.
Unknown command.
You kill the gnoll!
Lugonu accepts your kill.
The swamp worm throws harpoon shot at you.
The harpoon shot hits you!
You die...

≈ *#≈≈# ≈ ≈
#≈≈≈### ,
#≈≈≈≈≈ * *
#.≈≈≈ ** * ,
, *.... , *
* #.g * *
#.w##### , *
#.).@..# ,
......####.#
*, * #####*
#.# #.# ,,
#.# *
########.# *
#........# ,
, #.########
#.# * *


You could see a swamp worm.

Vanquished Creatures
  Pikel (D:6)
  A hippogriff (D:7)
  A spriggan (D:7)
  2 orc warriors
  5 sky beasts
  2 phantoms (D:7)
  3 ogres
  A centaur (D:5)
  2 bullfrogs
  4 scorpions
  6 killer bees (D:8)
  2 howler monkeys
  4 crimson imps
  A bullfrog zombie (D:7)
  An orc priest (D:5)
  4 orc wizards
  4 hounds
  A centaur skeleton (D:6)
  A bullfrog skeleton (D:7)
  An iguana (D:4)
  3 worker ants
  A killer bee zombie (D:5)
  A hound zombie (D:6)
  A worker ant zombie (D:5)
  12 gnolls
  5 adders
  A howler monkey skeleton (D:4)
  2 shadow imps (D:6)
  An adder zombie (D:5)
  An adder skeleton (D:6)
  4 worms
  4 dart slugs
  12 leopard geckos
  21 orcs
  9 bats
  7 giant cockroaches
  16 goblins
  6 hobgoblins
  5 jackals
  4 quokkas
  2 ball pythons
  6 frilled lizards
  A jackal zombie (D:6)
  10 kobolds
  11 rats
193 creatures vanquished.

Vanquished Creatures (others)
  A bullfrog (D:6)
  A centaur skeleton (D:6)
2 creatures vanquished.

Grand Total: 195 creatures vanquished

Notes
Turn   | Place    | Note
-------+----------+-------------------------------------------
     0 | Abyss:1  | Gargoyl the Centaur Abyssal Knight began the quest for the
                  | Orb.
     0 | Abyss:1  | Reached XP level 1. HP: 19/19 MP: 2/2
    56 | Abyss:2  | Noticed a freezing wraith
    92 | Abyss:2  | Noticed a ynoxinul
   113 | Abyss:2  | Noticed a large abomination
   118 | D:1      | Escaped the Abyss
   558 | D:1      | Reached XP level 2. HP: 22/26 MP: 3/3
   711 | D:1      | Reached * piety under Lugonu
   812 | D:1      | Reached skill level 1 in Dodging
   972 | D:1      | Reached XP level 3. HP: 27/31 MP: 4/4
  1445 | D:2      | Reached ** piety under Lugonu
  1792 | D:2      | Reached XP level 4. HP: 34/38 MP: 5/5
  2370 | D:3      | Found a runed translucent gate.
  2375 | D:3      | Found a runed translucent gate.
  2376 | D:3      | Found a runed translucent gate.
  2383 | D:3      | Noticed Gargoyl's ghost (weakling CeAK)
  2389 | D:3      | Found a transporter.
  2422 | D:3      | Found a transporter.
  2574 | D:3      | Reached *** piety under Lugonu
  3051 | D:4      | Noticed an ogre
  3071 | D:4      | Killed an ogre
  3071 | D:4      | Reached XP level 5. HP: 13/45 MP: 7/7
  3358 | D:4      | Reached XP level 6. HP: 42/51 MP: 8/8
  3511 | D:4      | Found an ornate altar of the Wu Jian Council.
  4033 | D:4      | Found a glowing golden altar of the Shining One.
  4326 | D:4      | Found a staircase to the Ecumenical Temple.
  4569 | D:5      | Entered Level 5 of the Dungeon
  4569 | D:5      | Noticed a sky beast
  4829 | D:5      | Killed a sky beast
  4829 | D:5      | Reached XP level 7. HP: 53/57 MP: 10/10
  5759 | D:5      | Found an opulent altar of Gozag.
  6156 | D:6      | Reached **** piety under Lugonu
  6532 | D:6      | Noticed Pikel
  6537 | D:6      | Killed Pikel
  6537 | D:6      | Reached skill level 5 in Axes
  6537 | D:6      | Reached XP level 8. HP: 65/67 MP: 11/11
  6628 | D:6      | Reached skill level 5 in Invocations
  6648 | D:6      | Reached skill level 5 in Armour
  7220 | D:6      | Found an ancient bone altar of Kikubaaqudgha.
  7493 | D:7      | Reached XP level 9. HP: 36/72 MP: 13/13
  7659 | D:7      | Gained mutation: You are dopey. (Int -2) [potion of
                  | mutation]
  7659 | D:7      | Gained mutation: You have an increased reservoir of magic.
                  | (+10% MP) [potion of mutation]
  7659 | D:7      | Gained mutation: You passively map a small area around you.
                  | [potion of mutation]
  8175 | D:7      | Reached skill level 5 in Fighting
  8904 | D:8      | Reached skill level 1 in Shields
  9277 | D:8      | Found Edur's Jewellery Emporium.
  9476 | D:8      | HP: 2/74 [swamp worm (10)]
  9478 | D:8      | Killed from afar by a swamp worm

Skill      XL: |  1  2  3  4  5  6  7  8  9 |
---------------+----------------------------+-----
Dodging        | 1 2 3 |  3.9
Axes           | 2 3 4 5 6 |  6.6
Armour         | 2 3 4 5 6 |  6.4
Invocations    | 3 4 5 6 |  6.2
Fighting       | 4 5 |  5.2
Shields        | 1 |  1.7
Throwing       | |  0.1
Evocations     | |  0.4

Action                   |  1- 3 |  4- 6 |  7- 9 || total
-------------------------+-------+-------+-------++-------
Melee: Hand axe          |    92 |       |       ||    92
       Kick              |    17 |    28 |    60 ||   105
       War axe           |    24 |   149 |   284 ||   457
Throw: Javelin           |       |       |     3 ||     3
Invok: Depart the Abyss  |     1 |       |       ||     1
Evoke: Wand              |     1 |     3 |       ||     4
  Use: Scroll            |     6 |       |    11 ||    17
       Potion            |       |       |     5 ||     5
  Eat: Chunk             |     1 |     8 |    10 ||    19
       Ration            |       |     1 |       ||     1
Armor: Plate armour      |   172 |   123 |   265 ||   560
       Leather armour    |     1 |       |       ||     1
       Skin              |       |       |    17 ||    17
Dodge: Dodged            |    15 |     8 |    46 ||    69
Block: Buckler           |       |    13 |    45 ||    58
